Map: Neon Violet Square LE

Players

madumlao - Winner!

  • Race: Zerg Zerg
  • League: Gold
  • Spawn Location: 5:00

ranvijay

  • Race: Protoss Protoss
  • League: Gold
  • Spawn Location: 11:00

VOD

Have the link to the VOD?

Description

Time

  • Played on: May 9, 2018, 11:54 p.m.
  • Length: 22:54
Show
View Real Time Build Order
Export as new Build Order

madumlao Zerg - Winner!

Build Orders: Pool First 

Get SALT Encoding   

  12  0:01  Drone  
  13  0:10  Drone  
  14  0:19  Overlord  
  14  0:36  Extractor  
  14  0:37  Drone x3  
  16  0:53  Drone  
  16  0:54  Spawning Pool  
  16  1:01  Drone  
  17  1:09  Drone  
  18  1:23  Drone  
  19  1:31  Overlord  
  19  1:39  Hatchery  
  18  1:45  Metabolic Boost  
  18  1:55  Zergling x4  
  20  2:09  Queen  
  20  2:13  Extractor, Zergling x2  
  20  2:15  Zergling x2  
  23  2:26  Zergling x2  
  23  2:28  Roach Warren  
  23  2:36  Zergling x2  
  24  2:50  Drone  
  25  2:54  Drone  
  26  3:00  Drone  
  26  3:03  Zergling x2  
  28  3:10  Drone  
  28  3:11  Queen  
  31  3:13  Lair  
  31  3:19  Drone x2  
  32  3:37  Drone x5  
  35  3:49  Drone  
  36  4:05  Overlord x3  
  36  4:15  Evolution Chamber x2  
  34  4:18  Drone x2  
  34  4:20  Drone, Hydralisk Den  
  34  4:23  Overlord  
  36  4:29  Zergling x4  
  37  4:32  Zergling x2  
  37  4:37  Drone x2  
  40  4:42  Zergling x4  
  40  4:45  Drone  
  42  4:53  Zergling x4  
  44  5:00  Drone  
  44  5:03  Muscular Augments  
  45  5:12  Drone x3  
  46  5:16  Extractor  
  46  5:18  Extractor, Zerg Ground Armor Level 1  
  46  5:19  Zerg Melee Weapons Level 1  
  43  5:27  Drone x2  
  45  5:36  Spore Crawler  
  45  5:41  Drone x2  
  45  5:42  Drone x4  
  50  5:46  Spore Crawler  
  50  5:48  Drone  
  50  5:56  Drone x2  
  52  6:08  Roach x2  
  52  6:09  Hatchery  
  55  6:15  Pneumatized Carapace  
  55  6:16  Burrow  
  55  6:22  Drone x2  
  55  6:23  Drone  
  55  6:24  Roach  
  60  6:28  Glial Reconstitution  
  60  6:38  Roach x3  
  66  6:41  Overlord  
  66  6:42  Overlord  
  66  6:52  Grooved Spines, Infestation Pit  
  66  6:54  Hydralisk  
  67  7:06  Drone x4  
  71  7:14  Roach x2  
  75  7:20  Roach x2  
  79  7:27  Drone  
  79  7:28  Queen x2  
  79  7:29  Queen  
  86  7:38  Hydralisk  
  88  7:44  Overlord x4  
  88  7:51  Overlord x2  
  88  7:52  Overlord  
  88  7:55  Ravager  
  89  8:01  Overlord x2  
  89  8:05  Ravager x3  
  91  8:06  Ravager x2  
  91  8:07  Drone x3  
  97  8:13  Zerg Missile Weapons Level 1  
  97  8:25  Hydralisk x5  
  103  8:37  Hydralisk x3  
  103  8:38  Hydralisk  
  106  8:42  Roach  
  106  8:43  Roach  
  106  8:46  Drone x3  
  106  8:47  Drone  
  114  8:48  Drone  
  114  8:52  Spore Crawler  
  114  8:57  Zerg Ground Armor Level 2  
  114  9:05  Drone x4  
  114  9:06  Drone  
  113  9:35  Roach x8  
  113  9:36  Roach  
  115  10:02  Roach x3  
  115  10:03  Roach x3  
  102  10:15  Hydralisk  
  102  10:16  Hydralisk x2  
  106  10:23  Hive  
  106  10:31  Extractor  
  106  10:32  Roach x15  
  106  10:34  Extractor  
  104  10:43  Tunneling Claws  
  104  10:44  Hydralisk x7  
  104  10:45  Hydralisk x2  
  122  10:54  Ravager x3  
  122  10:55  Ravager  
  126  11:07  Zerg Missile Weapons Level 2  
  126  11:22  Hydralisk  
  126  11:23  Hydralisk x4  
  132  11:30  Overseer x2  
  132  11:49  Ultralisk Cavern  
  131  11:57  Spine Crawler  
  131  11:59  Spore Crawler  
  129  12:04  Spine Crawler  
  129  12:07  Spore Crawler  
  129  12:08  Hatchery  
  126  12:12  Hydralisk x9  
  144  12:27  Hatchery  
  141  12:36  Overlord  
  138  12:37  Overlord  
  138  12:38  Overlord x2  
  138  12:47  Drone  
  138  12:48  Drone x4  
  136  13:29  Roach  
  136  13:30  Roach x10  
  136  13:31  Roach  
  136  13:33  Hydralisk  
  136  13:34  Hydralisk x6  
  162  13:39  Ravager x4  
  162  13:40  Ravager x4  
  182  13:54  Overseer x5  
  182  14:01  Ultralisk  
  188  14:11  Chitinous Plating  
  188  14:14  Extractor  
  188  14:15  Extractor  
  186  14:22  Zerg Ground Armor Level 3  
  186  14:31  Drone x4  
  187  14:33  Overlord  
  187  14:34  Overlord x2  
  181  14:46  Extractor, Spore Crawler  
  181  14:47  Extractor  
  181  14:48  Spine Crawler  
  171  15:19  Ultralisk x4  
  195  15:30  Zerg Melee Weapons Level 2  
  195  16:45  Spine Crawler, Spore Crawler  
  195  16:46  Spore Crawler  
  192  16:49  Overlord x3  
  192  16:50  Overlord x12  
  192  16:59  Zerg Missile Weapons Level 3  
  152  17:26  Ultralisk  
  152  17:27  Ultralisk x2  
  152  17:28  Ultralisk  
  143  17:40  Ultralisk x3  
  143  17:41  Ultralisk x4  
  179  17:46  Zergling x2  
  179  17:47  Zergling x12  
  179  17:49  Adrenal Glands  
  159  18:03  Ultralisk  
  156  18:14  Ultralisk  
  152  18:20  Zergling x2  
  152  18:21  Zergling x16  
  157  18:35  Ultralisk  
  154  18:49  Drone x7  
  154  18:50  Drone x6  
  153  19:28  Hatchery  
  152  19:39  Ultralisk x2  
  152  19:40  Ultralisk x2  
  176  19:48  Hydralisk  
  176  19:49  Hydralisk x4  
  186  19:55  Overseer  
  186  19:56  Overseer x3  
  186  20:02  Zergling x8  
  150  20:39  Zergling x8  
  151  20:43  Hatchery  
Show
View Real Time Build Order
Export as new Build Order

ranvijay Protoss 

Build Orders:  

Get SALT Encoding   

  12  0:01  Probe  
  13  0:09  Probe  
  14  0:23  Pylon  
  14  0:27  Probe  
  15  0:41  Probe  
  16  0:46  Forge  
  16  0:53  Probe  
  17  1:01  Probe  
  17  1:09  Probe  
  18  1:13  Pylon  
  19  1:24  Photon Cannon  
  19  1:33  Gateway  
  19  1:39  Probe  
  20  1:40  Photon Cannon  
  20  1:51  Probe  
  21  1:58  Pylon  
  21  2:02  Probe  
  21  2:04  Assimilator  
  22  2:09  Gateway  
  22  2:11  Probe  
  23  2:19  Probe  
  23  2:21  Cybernetics Core  
  23  2:28  Pylon  
  24  2:30  Probe  
  24  2:32  Zealot  
  27  2:42  Probe  
  28  2:48  Assimilator  
  28  3:04  Photon Cannon  
  28  3:07  Probe  
  28  3:08  Shield Battery  
  29  3:16  Probe  
  30  3:25  Probe  
  30  3:41  Stalker  
  30  3:43  Stalker  
  33  4:11  Zealot  
  33  4:13  Pylon, Zealot  
  37  4:18  Twilight Council  
  37  4:38  Adept  
  37  4:40  Adept  
  41  4:46  Pylon  
  41  5:00  Nexus  
  41  5:03  Pylon  
  41  5:11  Photon Cannon  
  41  5:15  Shield Battery  
  41  5:17  Photon Cannon  
  41  5:26  Photon Cannon  
  41  5:34  Photon Cannon  
  41  5:38  Pylon  
  41  5:41  Stalker x2  
  45  5:51  Shield Battery  
  45  5:53  Probe  
  45  5:58  Assimilator  
  45  6:00  Charge  
  45  6:02  Probe  
  47  6:11  Probe  
  47  6:15  Warp Gate  
  48  6:18  Stargate  
  48  6:23  Robotics Facility, Probe  
  49  6:28  Probe  
  50  6:36  Probe  
  50  6:40  Probe  
  50  6:45  Probe  
  52  6:48  Probe  
  54  6:57  Probe x2  
  56  7:04  Phoenix  
  58  7:09  Probe  
  58  7:10  Probe  
  58  7:12  Observer  
  61  7:19  Dark Shrine  
  61  7:23  Probe  
  61  7:29  Phoenix  
  64  7:31  Assimilator, Probe  
  65  7:40  Probe  
  66  7:52  Probe  
  66  7:55  Nexus  
  67  8:00  Assimilator  
  67  8:04  Assimilator, Probe  
  68  8:43  Dark Templar  
  68  8:44  Dark Templar  
  68  8:46  Void Ray  
  77  8:48  Observer  
  77  8:59  Photon Cannon  
  77  9:02  Photon Cannon  
  77  9:05  Shield Battery  
  77  9:15  Pylon  
  77  9:20  Photon Cannon  
  77  9:22  Zealot  
  77  9:23  Zealot  
  81  9:29  Void Ray  
  76  9:49  Zealot  
  76  9:50  Dark Templar  
  60  10:17  Dark Templar  
  60  10:18  Probe  
  62  10:26  Probe  
  62  10:27  Probe  
  63  10:29  Zealot  
  63  10:34  Void Ray  
  71  10:35  Probe  
  71  10:36  Immortal, Probe  
  77  10:45  Probe  
  77  10:48  Probe  
  79  10:53  Photon Cannon  
  79  10:56  Zealot x2  
  83  10:57  Probe  
  83  11:00  Probe  
  83  11:03  Protoss Air Weapons Level 1  
  85  11:05  Fleet Beacon  
  85  11:06  Protoss Shields Level 1  
  85  11:09  Probe  
  86  11:13  Stargate  
  86  11:14  Pylon  
  86  11:23  Dark Templar  
  88  12:07  Carrier x2  
  100  12:10  Graviton Catapult  
  100  12:16  Stargate  
  100  12:17  Pylon  
  100  12:20  Pylon  
  77  12:50  Nexus  
  73  13:11  Zealot x2  
  73  13:15  Void Ray  
  77  13:25  Photon Cannon  
  77  13:27  Photon Cannon  
  77  13:29  Photon Cannon  
  77  13:33  Carrier, Photon Cannon, Void Ray  
  85  13:35  Photon Cannon  
  85  13:37  Photon Cannon  
  85  13:38  Zealot  
  85  13:39  Zealot  
  85  13:41  Pylon  
  90  13:48  Observer  
  90  13:58  Carrier  
  96  14:05  Zealot  
  96  14:09  Immortal  
  102  14:16  Carrier  
  108  14:20  Photon Cannon  
  108  14:23  Photon Cannon  
  108  14:26  Shield Battery  
  108  14:28  Photon Cannon  
  108  14:29  Probe  
  108  14:31  Pylon  
  108  14:37  Probe  
  110  14:47  Probe  
  110  14:50  Zealot x2  
  115  14:56  Observer  
  115  14:59  Probe  
  111  15:17  Dark Templar x2  
  111  15:21  Tempest  
  115  15:24  Tempest  
  127  15:30  Shield Battery  
  127  15:40  Protoss Air Weapons Level 2  
  127  15:42  Tempest  
  133  15:43  Protoss Shields Level 2  
  133  15:56  Adept  
  133  15:57  Adept  
  137  16:04  Tempest  
  141  16:27  Carrier  
  141  16:30  Probe  
  147  16:38  Pylon  
  148  16:42  Pylon  
  148  16:56  Carrier, Probe  
  148  16:59  Carrier  
  103  17:56  Protoss Air Armor Level 1  
  103  18:05  Carrier  
  103  18:18  Probe  
  90  18:21  Tempest  
  90  18:25  Tempest  
  90  18:26  Probe  
  100  18:36  Probe  
  101  18:42  Immortal  
  101  18:48  Probe  
  101  19:01  Probe  
  91  19:09  Probe  
  93  19:19  Probe  
  94  19:32  Probe  
  94  19:51  Pylon  
  94  20:09  Probe  
  92  20:52  Pylon  
  92  20:58  Nexus  
  87  21:35  Pylon  
  85  22:21  Pylon  
Tags
 
Add a new tag
Caveats
  • Supply blocks, unpowered buildings, or Contaminate may cause inaccurate times.
  • Supply counts are checked every 10 seconds.